General information
- name: BNet
- type: Ladder 1vs1/FFA
- host: Battle.net
- saver: LW-Stupidus
map: TwistedMeadows
- players: 2
- length: 15:36
- speed: Fast
- version: 1.23 W3XP
- replay type: Public
» download(55 KB)
Players
team 1 (loser)
Type (
blue | 86 APM | 1347 actions | 15:34)
3 Demon Hunter
2 Mana Burn
1 Evasion
3 Naga Sea Witch
1 Frost Arrows
2 Forked Lightning
» actions
| Assign group hotkey | 5 | |
| Basic commands | 142 | |
| Build / train | 56 | |
| Enter build submenu | 15 | |
| Enter hero's abilities submenu | 6 | |
| Give item / drop item | 1 | |
| Remove unit from queue | 2 | |
| Right click | 710 | |
| Select / deselect | 331 | |
| Select group hotkey | 34 | |
| Use ability | 45 | |
1347 total
» units
| Wisp | 16 | |
| Huntress | 5 | |
| Dryad | 6 | |
| Archer | 5 | |
| Druid of the Claw | 2 | |
34 total
» upgrades
| Druid of the Claw Training | 1 | |
1 total
» buildings
| Altar of Elders | 2 | |
| Moon Well | 4 | |
| Hunter's Hall | 1 | |
| Ancient of War | 1 | |
| Tree of Ages | 1 | |
| Ancient Protector | 1 | |
| Ancient of Wonders | 3 | |
| Ancient of Lore | 2 | |
| Tree of Eternity | 0 | |
15 total
» build order
00:07 Altar of Elders
00:10 Altar of Elders
00:19 Moon Well
01:37 Hunter's Hall
02:06 Ancient of War
02:16 Moon Well
02:52 Moon Well
03:36 Tree of Ages
04:29 Ancient Protector
04:43 Ancient of Wonders
06:07 Ancient of Lore
06:10 Ancient of Lore
06:29 Moon Well
07:53 Ancient of Wonders
09:49 Ancient of Wonders
10:21 Tree of Eternity
12:37 Tree of Eternity
» items
| Boots of Speed | 1 | |
| Dust of Appearance | 1 | |
| Staff of Preservation | 1 | |
| Potion of Healing | 2 | |
| Lesser Clarity Potion | 2 | |
| Potion of Mana | 2 | |
9 total
team 2 (winner)
LW-Stupidus (
pink | 81 APM | 1261 actions | 15:36)
5 Priestess of the Moon
2 Scout
3 Trueshot Aura
2 Naga Sea Witch
1 Frost Arrows
1 Forked Lightning
» actions
| Assign group hotkey | 61 | |
| Basic commands | 82 | |
| Build / train | 51 | |
| Enter build submenu | 16 | |
| Enter hero's abilities submenu | 7 | |
| Right click | 581 | |
| Select / deselect | 232 | |
| Select group hotkey | 195 | |
| Use ability | 36 | |
1261 total
» units
» upgrades
| Strength of the Moon | 2 | |
| Moon Armor | 1 | |
| Improved Bows | 1 | |
4 total
» buildings
| Altar of Elders | 1 | |
| Moon Well | 6 | |
| Hunter's Hall | 1 | |
| Ancient of War | 3 | |
| Tree of Life | 1 | |
| Tree of Ages | 1 | |
13 total
» build order
00:06 Altar of Elders
00:09 Moon Well
01:18 Hunter's Hall
01:54 Ancient of War
02:05 Moon Well
02:27 Ancient of War
02:49 Moon Well
05:53 Tree of Life
06:14 Moon Well
07:12 Ancient of War
09:43 Tree of Ages
11:28 Moon Well
14:08 Moon Well
Chat log
(00:15 / All) Type: hey
(00:20 / All) LW-Stupidus: yi
(00:21 / All) LW-Stupidus: yo
(00:26 / All) Type: sup?
(00:35 / All) LW-Stupidus: wish i knew
(00:40 / All) Type: word
(01:23 / All) LW-Stupidus: i don't like this map
(01:27 / All) Type: i do
(01:29 / All) LW-Stupidus: why
(13:47 / All) LW-Stupidus: expo'd
(13:49 / All) LW-Stupidus: before i hit
(14:36 / All) LW-Stupidus: u know what
(14:37 / All) LW-Stupidus: i like this map
(14:59 / All) Type: i can't believe this
(15:03 / All) LW-Stupidus: lawwwl